Unix NetHack Version 5.0.0-0 post-release - last build Jun 10 2026 00:39:30 (3ee93aec679c4c4259841fe613dc97188e26a321,branch:main).

Game began 2026-06-15 00:51:07, ended 2026-06-15 01:07:06.

ARFwashere, neutral male human Archeologist

            ----               ----
   ----     |..|               |..---
   |..|     |..|               |....|          ---
   |..|     --.|             ---....---       --.----
  --..------ |.-- ---       --........|  ------.).*.----
  |....--..--|..| ..        |.........-- |..|...---....|
  --........---.| .-        ----.|.|...| |....--- --...|
   |.........--.--.|           ------.-| |....|     ----     --
   |...............|                |..|--..------           .|
 -----......---.*..|               --..-|...--.|.---   --- ...-- ---
 |..--......---..[--          ------....#..........--- ............---
 |................|         ---...|..---.............................|
 --.............[.---      --.....------....-.@.........|     .......|
  |.................|      |...........................--            -
  |.................--------...--..--.--------f.........|
  ----....<.....[..............---.--.--     -.....--........                 -
     --^.............-------....||.....|     ...----  ..-- |
      ---.|.--.---.....|   --..-----...|    ...--      .|
        -------- |....--    ----   -----    -..|        |
                 ---.--                     ----
                   ---
ARFwashere the Field Worker  St:16 Dx:11 Co:12 In:16 Wi:13 Ch:8  Neutral
Dlvl:4  $:36 HP:0(28) Pw:16(16) AC:8  Xp:4 T:2002 

Latest messages:
 This gnome corpse is gamey.
 Your kitten eats a gnome corpse.
 You finish eating the gnome corpse.
 You swap places with your kitten.
 You see here a scroll labeled ETAOIN SHRDLU.
 You decipher the label on your scroll labeled ETAOIN SHRDLU.
 F - a scroll of earth.
 You see here a candle.
 G - a candle.
 What do you want to use or apply? [ae-inqrDG or ?*] e
 In what direction do you want to dig? [hkb>] k
 You start digging.
 You hit the rock with all your might.
 You make an opening in the wall.
 The gray ooze bites!
 Your leather jacket is not affected by oxidation.
 It bites the gray ooze.
 The gray ooze misses it.
 It misses the gray ooze.
 It bites the gray ooze.
 The gray ooze misses it.
 The kitten misses the gray ooze.
 The kitten misses the gray ooze.
 The kitten bites the gray ooze.
 The kitten bites the gray ooze.
 The gray ooze bites the kitten.
 The kitten misses the gray ooze.
 The kitten misses the gray ooze.
 The kitten misses the gray ooze.
 The kitten bites the gray ooze.
 The gray ooze bites the kitten.
 The kitten misses the gray ooze.
 The kitten misses the gray ooze.
 The kitten misses the gray ooze.
 The kitten misses the gray ooze.
 The kitten bites the gray ooze.
 The gray ooze is killed!
 The kitten picks up a small glob of gray ooze.
 You are hit by a dagger.
 Wait!  There's something there you can't see!
 It hits!
 x - a dagger.
 There is nothing here to pick up.
 It hits!
 You die...
 Do you want your possessions identified? [ynq] (y) y
 Do you want to see your attributes? [ynq] (y) y
 Do you want an account of creatures vanquished? [ynaq] (y) y
 Do you want to see your conduct and achievements? [ynq] (y) y
 Do you want to see the dungeon overview? [ynq] (y) y

Inventory:
 Coins    ('$')
  $ - 36 gold pieces
 Weapons  (')')
  x - a blessed +0 dagger
  C - a +0 dagger
  a - a +2 bullwhip
 Armor    ('[')
  m - an uncursed +0 helm of brilliance (being worn)
  b - an uncursed +0 leather jacket (being worn)
 Comestibles  ('%')
  t - an uncursed cram ration
  n - an uncursed cream pie
  d - 3 uncursed food rations
 Scrolls  ('?')
  j - an uncursed scroll of confuse monster
  F - an uncursed scroll of earth
  s - a cursed scroll of enchant weapon
  o - an uncursed scroll of fire
 Wands    ('/')
  r - a wand of magic missile (0:8)
 Tools    ('(')
  i - an empty uncursed sack
  D - an uncursed blindfold
  q - an uncursed mirror
  h - an uncursed oil lamp
  e - a +0 pick-axe (weapon in right hand)
  G - an uncursed tallow candle
  f - a tinning kit (0:74)
 Gems/Stones  ('*')
  k - an uncursed agate stone
  B - an uncursed topaz stone
  g - an uncursed touchstone

ARFwashere the Archeologist's attributes:

Background:
 You were a Field Worker, a level 4 male human Archeologist.
 You were neutral, on a mission for Camaxtli
 who was opposed by Quetzalcoatl (lawful) and Huhetotl (chaotic).
 You were right-handed.
 You were in the Gnomish Mines, on level 4.
 You entered the dungeon 2002 turns ago.
 It was nighttime.
 There was a new moon in effect when your adventure ended.
 You had 150 experience points, 10 more were needed to attain level 5.

Basics:
 You had 0 out of 28 hit points.
 You had all 16 energy points (spell power).
 Your armor class was 8.
 Your wallet contained 36 zorkmids.
 Autopickup was on for '$' plus thrown.

Final Characteristics:
 Your strength was 16 (limit:18/100).
 Your dexterity was 11 (limit:18).
 Your constitution was 12 (limit:18).
 Your intelligence was 16 (limit:18).
 Your wisdom was 13 (limit:18).
 Your charisma was 8 (limit:18).

Final Status:
 You weren't hungry.
 You were unencumbered.
 You were wielding a pick-axe.
 You had basic skill with pick-axe.

Final Attributes:
 You were devoutly aligned.
 You were telepathic.
 You had automatic searching.
 You are dead.

Miscellaneous:
 You didn't encounter any bones levels.
 Total elapsed playing time was 15 minutes and 58 seconds.

Major events:
 Turn
    1: ARFwashere the neutral male human Archeologist entered the dungeon
 1116: entered the Gnomish Mines
 1379: attained the rank of Field Worker (level 3)
 2002: killed by an invisible gnome lord

You didn't know any spells.

Skills:
 Fighting Skills
   bare handed combat [Unskilled]
   two weapon combat  [Unskilled]
   riding             [Unskilled]
 Weapon Skills
   dagger             [Unskilled]
   knife              [Unskilled]
   pick-axe           [Basic]
   short sword        [Unskilled]
   saber              [Unskilled]
   club               [Unskilled]
   quarterstaff       [Unskilled]
   sling              [Unskilled]
   dart               [Unskilled]
   boomerang          [Unskilled]
   whip               [Basic]
   unicorn horn       [Unskilled]
 Spellcasting Skills
   attack spells      [Unskilled]
   healing spells     [Unskilled]
   divination spells  [Unskilled]
   matter spells      [Unskilled]

Voluntary challenges:
 Character rerolling was not enabled.
 You never genocided any monsters.
 You never polymorphed an object.
 You used no wishes.
Achievements:
 You entered a shop.
 You entered the Gnomish Mines.
 You attained the rank of Field Worker.

 The Dungeons of Doom: levels 1 to 4
    Level 1:
       A fountain.
    Level 2:
       An armor shop, a fountain.
    Level 3:
       A fountain, a grave.
       Stairs down to The Gnomish Mines.
    Level 4:
       An altar.
 The Gnomish Mines:
    Level 4: <- You were here.
       Final resting place for
          you, killed by an invisible gnome lord.


Vanquished creatures:
  a gnome leader
  a gray ooze
  a floating eye
  2 dwarves
 an acid blob
  a coyote
  2 hobgoblins
  a giant rat
  9 gnomes
  a gecko
  5 jackals
  2 foxes
  3 kobolds
  a goblin
  2 sewer rats
  6 grid bugs
  3 lichens
  2 kobold zombies
  9 newts
53 creatures vanquished.

No species were genocided or became extinct.

Game over:
                       ----------
                      /          \
                     /    REST    \
                    /      IN      \
                   /     PEACE      \
                  /                  \
                  |    ARFwashere    |
                  |      36 Au       |
                  |   killed by an   |
                  | invisible gnome  |
                  |       lord       |
                  |                  |
                  |       2026       |
                 *|     *  *  *      | *
        _________)/\\_//(\/(/\)/\//\/|_)_______

Goodbye ARFwashere the Archeologist...

You died in The Gnomish Mines on dungeon level 4 with 803 points,
and 36 pieces of gold, after 2002 moves.
You were level 4 with a maximum of 28 hit points when you died.

